 Dungeon Crawl Stone Soup version 0.30-b1-2-g02819fbbbe (webtiles) character file.

Game seed: 6587995750992253797

213362 LLlMATKO the Warrior (level 18, -11/170 HPs)
             Began as a Minotaur Berserker on Aug 30, 2023.
             Was a High Priest of Trog.
             Shot with a bolt by a naga sharpshooter (20 damage)
             ... on level 3 of the Snake Pit.
             The game lasted 00:40:22 (35248 turns).

LLlMATKO the Warrior (Minotaur Berserker)          Turns: 35248, Time: 00:40:22

Health: -11/170    AC: 25    Str: 25    XL:     18   Next: 64%
Magic:  17/17      EV: 28    Int:  4    God:    Trog [*****.]
Gold:   1399       SH: 21    Dex: 10    Spells: 17/17 levels left

rFire   . . .        U - +3 broad axe (heavy)
rCold   . . .        v - +3 tower shield {AC+3}
rNeg    . . .        u - +0 shadow dragon scales
rPois   +            e - +1 hat
rElec   +            (no cloak)
rCorr   .            (no gloves)
SInv    .            Z - +0 pair of boots
Will    ++++.        Q - amulet of the acrobat
Stlth   ++           s - ring of Cipnufi {rElec rPois Will+++ Str-5}
HPRegen 0.48/turn    I - ring of flight
MPRegen 0.15/turn

%: acrobat
@: lethally poisoned (-11 -> -12), on berserk cooldown, acrobatic, flying,
slowed, very slow
A: horns 2, retaliatory headbutt
a: Renounce Religion, Berserk, Trog's Hand, Brothers in Arms


You were on level 3 of the Snake Pit.
You worshipped Trog.
Trog was extremely pleased with you.
You visited 5 branches of the dungeon, and saw 26 of its levels.
You also visited: Ice Cave.

You collected 3032 gold pieces.
You spent 1633 gold pieces at shops.

Inventory:

Hand Weapons
 D - a +2 heavy war axe
 J - a +0 spectral war axe
 N - the +4 broad axe of Quedgheocw {venom, Drain Will+++ rCorr Int-2}
   (You found it on level 2 of the Lair of Beasts)

   Int:       It affects your intelligence (-2).
   rCorr:     It protects you from acid and corrosion.
   Drain:     It drains your maximum health when unequipped.
   Will:      It greatly increases your willpower.
 R - a +2 hand axe of flaming
 U - a +3 heavy broad axe (weapon)
Missiles
 b - 49 poisoned darts (quivered)
 K - 5 datura-tipped darts
 L - 2 throwing nets
 W - 6 javelins
Armour
 e - a +1 hat (worn)
 u - +0 shadow dragon scales (worn)
 v - a +3 tower shield of protection (worn)
 E - a +2 kite shield of cold resistance
 Z - a +0 pair of boots (worn)
Jewellery
 c - a ring of fire
 n - a ring of see invisible
 s - the ring of Cipnufi (left hand) {rElec rPois Will+++ Str-5}
   (You found it on level 2 of the Dungeon)

   [ring of poison resistance]

   Str:       It affects your strength (-5).
   rElec:     It insulates you from electricity.
   rPois:     It protects you from poison.
   Will:      It greatly increases your willpower.
 z - a ring of protection from fire
 B - a ring of protection from cold
 I - a ring of flight (right hand)
 Q - an amulet of the acrobat (around neck)
Wands
 t - a wand of iceblast (21)
 y - a wand of digging (2)
 C - a wand of polymorph (3)
 F - a wand of mindburst (42)
 H - a wand of flame (58)
 O - a wand of charming (15)
Scrolls
 d - 11 scrolls of teleportation
 g - 3 scrolls of enchant armour
 h - 4 scrolls of poison
 k - a scroll of fog
 l - a scroll of magic mapping
 m - 12 scrolls of identify
 o - 5 scrolls of fear
 w - 3 scrolls of enchant weapon
 T - 5 scrolls of blinking
Potions
 a - 2 potions of resistance
 f - 12 potions of curing
 i - 9 potions of heal wounds
 j - 3 potions of haste
 q - 7 potions of flight
 r - 2 potions of invisibility
 x - 3 potions of cancellation
 Y - 4 potions of might
Miscellaneous
 A - a box of beasts


   Skills:
 + Level 17.4 Fighting
 + Level 17.3 Axes
 + Level 17.2 Armour
 + Level 15.8 Dodging
 + Level 16.9 Shields


You had 17 spell levels left.
You didn't know any spells.
Your spell library was empty.

Dungeon Overview and Level Annotations

Branches:
Dungeon (15/15)            Temple (0/1) D:5            Lair (5/5) D:11
 Shoals (1/4) Lair:3        Snake (3/4) Lair:3        Slime (0/5) Lair:4
    Orc (2/2) D:12            Elf (0/3) Orc:2        Vaults (0/5) D:13
 Depths (0/4) D:15          IceCv (visited)

Altars:
Ashenzari
Cheibriados
Dithmenos
Fedhas
Kikubaaqudgha
Qazlal
Ru
Sif Muna
Trog
Uskayaw
Vehumet
Zin
The Shining One
Jiyva
Lugonu

Shops:
D:3 [:[?   D:10 *   D:11 [   Orc:2 =(!?   Snake:3 ??

Portals:
Abyss: Lair:5

Annotations:
D:3 2 transporters
Snake:1 2 transporters, Killmatronix's ghost, adept OgCK


Innate Abilities, Weirdness & Mutations

You have a pair of horns on your head.
You reflexively headbutt those who attack you in melee.


Message History

The naga sharpshooter wields a +0 battleaxe.
The naga sharpshooter barely misses you.
You furiously retaliate!
You headbutt the naga sharpshooter!
You block the naga sharpshooter's attack.
The naga sharpshooter unwields a +0 dire flail.
The naga sharpshooter wields a +0 shortbow.
The naga sharpshooter shoots an arrow.
You block the arrow.
You hit the naga sharpshooter. You headbutt the naga sharpshooter.
The naga sharpshooter is heavily wounded.
You feel sick.
The naga sharpshooter shoots a bolt.
The bolt hits you but does no damage.
The naga sharpshooter shoots an arrow.
You block the arrow.
The naga sharpshooter unwields a +0 battleaxe.
The naga sharpshooter wields a +0 hand crossbow.
The naga sharpshooter gestures wildly while chanting.
The naga sharpshooter magically shoots a bolt.
The bolt hits you!
* * * LOW HITPOINT WARNING * * *
You slice the naga sharpshooter!! You headbutt the naga sharpshooter.
The naga sharpshooter is almost dead.
You feel sick.
The naga sharpshooter gestures wildly while chanting.
The naga sharpshooter magically shoots a bolt.
The bolt hits you!
* * * LOW HITPOINT WARNING * * *
The naga sharpshooter shoots an arrow.
You block the arrow.
The naga sharpshooter shoots a bolt.
You block the bolt.
The naga sharpshooter shoots a bolt.
You block the bolt.
You feel a strong urge to attack something.
You feel sick.
The naga sharpshooter spits poison at you.
You block the splash of poison.
The naga sharpshooter shoots a bolt.
The bolt completely misses you.
You feel sick.
The naga sharpshooter shoots a bolt.
The bolt hits you!
* * * LOW HITPOINT WARNING * * *
You feel your anger nearly subside.
You are no longer berserk.
You are exhausted.
You feel yourself slow down.
You feel sick.
The naga sharpshooter shoots a bolt.
The bolt hits you!!
You die...

N.S............##..##
#...#
≈≈≈≈≈≈≈≈≈≈≈≈....##...#
#.###
≈≈≈≈≈≈≈≈≈≈≈≈≈....##...#
###
.≈≈.N.N.....≈≈....##...#
#N≈≈..)###...#
#.≈≈...##....#
#.≈≈.........#
#.≈≈.........#
#)≈≈.@.......#
#)≈≈...##....#
..≈≈.#######)≈≈...###...#
..≈≈N..N.N..N≈≈....##...#
.(≈≈≈≈≈≈≈≈≈≈≈≈≈....##...#
..≈≈≈≈≈≈≈≈≈≈≈≈≈....# ...#
...................# .#
...................#
...................#


You could see 3 naga sharpshooters.

Vanquished Creatures
  Donald (Shoals:1)
  An orc warlord (Orc:1)
  Aizul (Snake:1)
  A reaper (IceCv)
  Nessos (Lair:5)
  A merfolk impaler (Shoals:1)
  Snorg (D:12)
  A quicksilver dragon zombie (D:15)
  8 vault guards (D:13)
  Erolcha (D:10)
  A catoblepas (D:13)
  3 hydras
  3 ogre magi
  2 anacondas
  5 centaur warriors
  6 two-headed ogres
  5 naga warriors
  2 boulder beetles
  4 tengu warriors
  9 death yaks
  Urug (D:10)
  11 naga sharpshooters
  An orc high priest (Orc:1)
  3 thrashing horrors (Lair:5)
  Nergalle (Orc:2)
  5 shock serpents
  4 skysharks
  A sun demon (D:14)
  Amaemon (Lair:3)
  6 skeletal warriors (D:15)
  A bog body (Lair:4)
  A shadow dragon zombie (D:15)
  3 sea snakes
  3 naga ritualists
  A flayed ghost (D:15)
  A lindwurm (Lair:3)
  3 deep elf pyromancers
  A necromancer (D:15)
  A sphinx zombie (D:15)
  9 mana vipers
  4 salamanders
  8 orc sorcerers
  An oklob plant (Lair:3)
  2 cyclopes (D:13)
  17 ugly things
  7 manticores
  A guardian serpent (shapeshifter) (Lair:5)
  Joseph (D:8)
  11 naga magi
  21 black mambas
  2 torpor snails
  10 cane toads
  6 orange demons
  3 ice statues
  A cane toad (shapeshifter) (D:13)
  A gargoyle (D:13)
  A spriggan zombie (D:15)
  8 rime drakes
  3 kobold demonologists
  3 unseen horrors
  An efreet (D:13)
  An unseen horror (shapeshifter) (D:11)
  6 ice devils
  19 komodo dragons
  An anaconda simulacrum (IceCv)
  A guardian mummy (D:15)
  A freezing wraith (IceCv)
  2 ancient zymes (Lair:5)
  A merfolk (Shoals:1)
  6 polar bears
  7 trolls
  A hornet (D:9)
  Grinder (D:4)
  14 blink frogs
  8 dream sheep (Lair:4)
  A spriggan (Lair:5)
  A centaur simulacrum (D:15)
  A jumping spider (shapeshifter) (D:13)
  3 shadows
  10 slime creatures
  5 dire elephant simulacra (IceCv)
  46 yaks
  3 wraiths
  2 vampires (D:11)
  3 ynoxinuls (Lair:5)
  6 wyverns
  7 basilisks
  2 chaos spawn (Lair:5)
  9 vampire mosquitoes
  A death yak simulacrum (IceCv)
  3 wargs
  3 harpy simulacra
  25 nagas
  10 water moccasins
  3 hydra simulacra (IceCv)
  A swamp drake (Lair:2)
  A floating eye (shapeshifter) (D:13)
  An ice beast (D:8)
  25 orc warriors
  4 black bears
  7 ogres
  5 wolves
  6 centaurs
  7 bullfrogs
  5 kobold brigands
  14 scorpions
  A cane toad simulacrum (IceCv)
  5 wights (D:9)
  10 killer bees (D:9)
  11 small abominations (Lair:5)
  5 howler monkeys
  2 electric eels (Lair:1)
  A crimson imp (D:14)
  A quasit (D:14)
  15 orc priests
  A hound (D:5)
  3 jellies
  A gnoll bouda (D:6)
  An iron imp (D:8)
  2 sleepcaps
  10 iguanas
  33 orc wizards
  2 troll simulacra (Lair:4)
  2 polar bear simulacra (IceCv)
  A spriggan simulacrum (IceCv)
  6 gnolls
  10 adders
  A shadow imp (D:5)
  2 white imps
  2 worms
  3 dart slugs
  113 orcs
  7 bats
  8 endoplasms
  7 giant cockroaches
  3 goblins
  6 hobgoblins
  2 jackals (D:1)
  22 kobolds
  4 quokkas
  4 ball pythons
  20 frilled lizards
  2 goblin zombies (D:8)
  A hobgoblin zombie (D:8)
  2 kobold skeletons (D:8)
  An orc skeleton (D:8)
  An orc zombie (D:8)
  6 rats
856 creatures vanquished.

Vanquished Creatures (others)
  A naga sharpshooter (Snake:3)
  A deep elf pyromancer (D:12)
  An orc wizard (Orc:2)
  An iguana (Lair:2)
  2 frilled lizards (Lair:2)
  44 fungi
  96 plants
  4 withered plants (D:15)
150 creatures vanquished.

Grand Total: 1006 creatures vanquished

Notes
Turn   | Place    | Note
-------+----------+-------------------------------------------
     0 | D:1      | LLlMATKO the Minotaur Berserker began the quest for the
                  | Orb.
     0 | D:1      | Reached XP level 1. HP: 19/19 MP: 0/0
   209 | D:1      | Reached XP level 2. HP: 26/27 MP: 1/1
   255 | D:1      | Found a faded altar of an unknown god.
   716 | D:1      | Reached XP level 3. HP: 33/33 MP: 2/2
   717 | D:1      | Reached ** piety under Trog
  1496 | D:2      | Reached XP level 4. HP: 41/41 MP: 3/3
  1526 | D:2      | Reached skill level 1 in Shields
  1603 | D:2      | Identified the ring of Cipnufi {rElec rPois Will+++ Str-5}
  1733 | D:3      | You fall into a shaft and drop 2 floors!
  1733 | D:5      | Entered Level 5 of the Dungeon
  1766 | D:5      | Noticed a scorpion
  1782 | D:5      | Killed a scorpion
  1783 | D:5      | Reached XP level 5. HP: 23/47 MP: 4/4
  2161 | D:4      | Identified the +0 helmet "Efilyah" {rPois Str+2 Int+3}
  2272 | D:3      | Found a shimmering blue altar of Sif Muna.
  2283 | D:3      | Found Omuehio's Armour Shop.
  2369 | D:3      | Found a transporter.
  2377 | D:3      | Found Axzi's Armour Emporium.
  2484 | D:3      | Found a bloodstained altar of Trog.
  2508 | D:3      | Found a transporter.
  2558 | D:3      | Reached skill level 5 in Fighting
  2558 | D:3      | Reached XP level 6. HP: 56/56 MP: 5/5
  2582 | D:3      | Found Iviug's Book Boutique.
  2647 | D:3      | Found Teeth's Magic Scroll Shoppe.
  2766 | D:3      | Found a broken altar of Ashenzari.
  2987 | D:4      | Reached *** piety under Trog
  2988 | D:4      | Reached skill level 5 in Axes
  3042 | D:4      | Noticed Grinder
  3055 | D:4      | Killed Grinder
  3056 | D:4      | Reached XP level 7. HP: 61/61 MP: 6/6
  3383 | D:4      | Found a sacrificial altar of Ru.
  3383 | D:4      | Found a snail-covered altar of Cheibriados.
  3576 | D:5      | Reached skill level 5 in Armour
  3778 | D:5      | Identified the +9 arbalest of the Thirsty Mystics {freeze,
                  | rCorr Int+6}
  3797 | D:5      | Found a staircase to the Ecumenical Temple.
  4388 | D:6      | Reached skill level 5 in Dodging
  4549 | D:6      | Reached XP level 8. HP: 70/70 MP: 7/7
  5617 | D:7      | Reached skill level 5 in Shields
  6353 | D:8      | Reached XP level 9. HP: 48/79 MP: 8/8
  6746 | D:8      | Found a shadowy altar of Dithmenos.
  6778 | D:8      | Found a glowing golden altar of the Shining One.
  6787 | D:8      | Reached **** piety under Trog
  6815 | D:8      | Noticed Joseph
  6829 | D:8      | Killed Joseph
  8117 | D:3      | Bought a +2 tower shield of protection for 279 gold pieces
  8311 | D:9      | Reached XP level 10. HP: 79/90 MP: 9/9
  8589 | D:9      | Noticed a two-headed ogre
  8602 | D:9      | Killed a two-headed ogre
  8992 | D:10     | Entered Level 10 of the Dungeon
  9025 | D:10     | Found a stormy altar of Qazlal.
  9058 | D:10     | Found Hownobli's Assorted Antiques.
  9061 | D:10     | Noticed Erolcha
  9077 | D:10     | Killed Erolcha
  9170 | D:10     | Found a hide-covered altar of Uskayaw.
  9170 | D:10     | Found a glowing silver altar of Zin.
  9351 | D:10     | Noticed Urug
  9368 | D:10     | Killed Urug
 10092 | D:11     | Found Xuqoeschy's Antique Armour Shop.
 10110 | D:11     | Reached XP level 11. HP: 89/99 MP: 10/10
 10118 | D:11     | Reached skill level 10 in Fighting
 10230 | D:11     | Reached skill level 10 in Axes
 10387 | D:11     | Found a staircase to the Lair.
 10546 | D:11     | Noticed a boulder beetle
 10590 | D:11     | Killed a boulder beetle
 10591 | D:11     | Reached skill level 10 in Armour
 11686 | D:11     | Found Xuqoeschy's Antique Armour Shop.
 11831 | D:11     | Found a staircase to the Lair.
 12268 | D:12     | Noticed a two-headed ogre
 12277 | D:12     | Killed a two-headed ogre
 12605 | D:12     | Noticed Snorg
 12620 | D:12     | Killed Snorg
 12621 | D:12     | Reached skill level 10 in Shields
 13081 | D:12     | Reached skill level 10 in Dodging
 13152 | D:12     | Noticed a two-headed ogre
 13167 | D:12     | Killed a two-headed ogre
 13168 | D:12     | Reached XP level 12. HP: 93/110 MP: 11/11
 13363 | D:12     | Reached ***** piety under Trog
 13371 | D:12     | Found a staircase to the Orcish Mines.
 13883 | D:12     | Found a staircase to the Orcish Mines.
 14011 | Lair:1   | Entered Level 1 of the Lair of Beasts
 14011 | Lair:1   | You fall into a shaft and drop 1 floor!
 14422 | Lair:2   | Received a gift from Trog
 16066 | Lair:2   | Identified the +4 broad axe of Quedgheocw {venom, Drain
                  | Will+++ rCorr Int-2}
 16564 | Lair:3   | Found a frozen archway.
 16573 | Lair:3   | Reached XP level 13. HP: 90/119 MP: 12/12
 16714 | IceCv    | Entered an ice cave
 17231 | IceCv    | Received a gift from Trog
 18077 | IceCv    | Noticed a reaper
 18087 | IceCv    | Killed a reaper
 18564 | Lair:3   | Found a staircase to the Snake Pit.
 18833 | Lair:3   | Noticed Amaemon
 18845 | Lair:3   | Killed Amaemon
 19004 | Lair:3   | Found a staircase to the Shoals.
 19441 | Lair:3   | Found a blossoming altar of Fedhas.
 20506 | Lair:4   | Reached XP level 14. HP: 130/130 MP: 13/13
 20533 | Lair:4   | Found a staircase to the Slime Pits.
 20533 | Lair:4   | Found a viscous altar of Jiyva.
 20561 | Lair:4   | Received a gift from Trog
 21827 | Lair:5   | Entered Level 5 of the Lair of Beasts
 22045 | Lair:5   | Noticed Nessos
 22235 | Lair:5   | Killed Nessos
 23716 | Lair:5   | Identified the +10 rapier of Enchanting Destruction {flame,
                  | rC+ Int+3}
 23728 | Lair:5   | Found a corrupted altar of Lugonu.
 23728 | Lair:5   | Found a one-way gate to the infinite horrors of the Abyss.
 24218 | D:13     | Found a gate to the Vaults.
 24940 | D:13     | Received a gift from Trog
 25067 | D:13     | Reached XP level 15. HP: 126/139 MP: 14/14
 25105 | D:13     | Reached skill level 15 in Fighting
 25110 | D:13     | Reached skill level 15 in Axes
 25882 | D:14     | Reached skill level 15 in Armour
 26348 | D:13     | Found a gate to the Vaults.
 27019 | D:14     | Identified the +8 broad axe of the Onslaught {speed, *Rage
                  | rF+++ Int+5}
 27170 | D:15     | Entered Level 15 of the Dungeon
 27301 | D:15     | Reached skill level 15 in Shields
 27625 | D:15     | Found a staircase to the Depths.
 28451 | Orc:1    | Entered Level 1 of the Orcish Mines
 29242 | Orc:2    | Entered Level 2 of the Orcish Mines
 29635 | Orc:2    | Found a staircase to the Elven Halls.
 29672 | Orc:2    | Reached ****** piety under Trog
 29924 | Orc:2    | Found Zicweir's Magic Scroll Boutique.
 29929 | Orc:2    | Received a gift from Trog
 30024 | Orc:2    | Found an ancient bone altar of Kikubaaqudgha.
 30025 | Orc:2    | Noticed Nergalle
 30034 | Orc:2    | Killed Nergalle
 30117 | Orc:2    | Found a radiant altar of Vehumet.
 30120 | Orc:2    | Reached XP level 16. HP: 149/150 MP: 15/15
 30220 | Orc:2    | Found Seclam Mua's Distillery.
 30694 | Orc:2    | Found Dokkutze's Jewellery Boutique.
 30714 | Orc:2    | Found Vuemeru's Antique Weapon Boutique.
 30756 | Orc:2    | Bought 2 potions of experience for 1100 gold pieces
 30776 | Orc:2    | Reached XP level 17. HP: 154/154 MP: 16/16
 30777 | Orc:2    | Reached skill level 15 in Dodging
 30777 | Orc:2    | Reached XP level 18. HP: 163/163 MP: 17/17
 31016 | Shoals:1 | Entered Level 1 of the Shoals
 31016 | Shoals:1 | Noticed Donald
 31028 | Shoals:1 | Killed Donald
 31274 | Snake:1  | Entered Level 1 of the Snake Pit
 31667 | Snake:1  | Found a bloodstained altar of Trog.
 31668 | Snake:1  | Noticed Killmatronix's ghost (adept OgCK)
 31674 | Snake:1  | Found a transporter.
 31692 | Snake:1  | Found a transporter.
 31753 | Snake:1  | Noticed Aizul
 31766 | Snake:1  | Killed Aizul
 32664 | Snake:2  | Received a gift from Trog
 34336 | Snake:3  | Found Diofok's Magic Scroll Emporium.
 34510 | Snake:3  | Found Kidih's Magic Scroll Emporium.
 34514 | Snake:3  | Bought a scroll of magic mapping for 112 gold pieces
 34514 | Snake:3  | Bought a scroll of brand weapon for 142 gold pieces
 35211 | Snake:3  | Identified the +10 hand crossbow of Courage {speed, Drain
                  | rElec rPois Will+++}
 35248 | Snake:3  | Shot with a bolt by a naga sharpshooter

Illustrated notes

Levels and vault maps discovered:
D:1:      spicycebolla_green_bress_n_ham, layout_basic,
          hellmonk_ecumenical_altar_inner_sanctum
D:2:      layout_rooms, hex_intersection, amcnicky_mini_corridor_feature
D:3:      layout_rooms, nicolae_ashenzari_skybound,
          nicolae_sif_muna_condensation, trog_book, serial_shops,
          nicolae_shop_pleasant_corner_grove, nicolae_shop_drivethru, shop,
          nicolae_shop_waterfront
D:4:      layout_basic, nicolae_overflow_two_pavilions, grunt_ministairs_9,
          uniq_grinder
D:5:      layout_basic, temple_fountains, kennysheep_potato
D:6:      layout_loops_ring, bh_walls_and_bars
D:7:      layout_basic
D:8:      layout_basic, nicolae_tso_besieged_by_evil, grunt_dithmenos_smoke,
          uniq_joseph
D:9:      layout_stronghold, minmay_misc_feat_pillars
D:10:     layout_loops_cross, gammafunk_temple_overflow_pools,
          mainiacjoe_overflow_small_starburst, serial_shops, shop, uniq_urug,
          uniq_erolcha
D:11:     layout_grid_maze, grunt_lair_entry_orc_guard_hut, serial_shops,
          nicolae_shop_window_shopping
D:12:     layout_rooms, hiddenorc2_lemuel, special_room [special_room_orc],
          uniq_snorg
D:13:     layout_rooms, erik_vaults_2, nzn_random_ring
D:14:     kennysheep_demon_hangout, layout_basic, kennysheep_nub,
          einodemon_barbed_minivault
D:15:     gammafunk_depths_entry_grave, layout_irregular_city,
          minmay_crystal_room
Lair:1:   layout_regular_city, serial_bayou_ford_a, serial_bayou_shore_a
Lair:2:   lemuel_reptile_caves, layout_loops_ring
Lair:3:   layout_chaotic_city, minmay_shoals_entry_centaurs, dummy_snake_entry,
          portal_ice_cave_rime, tgw_fedhas, infiniplex_staircase_pool_2,
          uniq_amaemon
Lair:4:   dreamdust_isle_of_ice, layout_cave_pods, slime_entry_1, st_stairs_10
Lair:5:   hellmonk_lair_end_abyssal_woods, layout_regular_city, uniq_nessos
Shoals:1: layout_shoals, uniq_donald
Snake:1:  layout_misc_corridors, gammafunk_ghost_wrathful_warriors,
          nicolae_large_snake_swirl, grunt_megastairs_2, uniq_aizul
Snake:2:  layout_chambers, nicolae_integral_box
Snake:3:  nicolae_snake_shooting_gallery, layout_concentric_octagons,
          minmay_shop_star
Orc:1:    layout_caves, nicolae_orc_pool_cavern
Orc:2:    kennysheep_orc_mage_school, layout_caves, basic_altar

Skill      XL: |  1  2  3  4  5  6  7  8  9 10 11 12 13 14 15 16 17 18 |
---------------+-------------------------------------------------------+-----
Axes           | 4 5 6 7 8 9 11 12 13 14 16 17 | 17.3
Fighting       | 4 5 6 7 8 9 11 12 13 14 16 17 | 17.4
Armour         | 3 4 5 6 8 9 10 12 13 14 15 16 17 | 17.2
Shields        | 1 2 3 4 5 7 8 10 11 13 14 15 16 | 16.9
Dodging        | 3 4 5 6 7 8 10 11 12 13 14 15 | 15.8

Action                     |  1- 3 |  4- 6 |  7- 9 | 10-12 | 13-15 | 16-18 || total
---------------------------+-------+-------+-------+-------+-------+-------++-------
  Melee: Hand axe          |    84 |    95 |    91 |   309 |    10 |       ||   589
         Headbutt          |    14 |    22 |    48 |   142 |   329 |    84 ||   639
         Punch             |     1 |       |     4 |       |       |       ||     5
         War axe           |       |       |   206 |   309 |   354 |   253 ||  1122
         Broad axe         |       |       |       |    46 |   831 |    71 ||   948
  Throw: Dart              |       |     1 |     2 |    16 |     9 |     1 ||    29
 Invoke: Berserk           |       |       |     5 |    12 |    24 |     9 ||    50
    Use: Scroll            |       |       |       |     9 |    11 |     9 ||    29
         Potion            |       |       |       |       |       |     2 ||     2
   Stab: Sleeping          |       |     4 |    10 |     3 |     4 |       ||    21
         Distracted        |       |       |     2 |       |     2 |       ||     4
         Confused          |       |       |       |     2 |       |       ||     2
         Paralysed         |       |       |       |       |     1 |       ||     1
         Petrified         |       |       |       |       |     2 |       ||     2
 Armour: Ring mail         |     8 |       |       |       |       |       ||     8
         Animal skin       |     2 |       |       |       |       |       ||     2
         Chain mail        |    32 |     7 |       |       |       |       ||    39
         Shadow dragon sca |       |    38 |   190 |   362 |   474 |   115 ||  1179
  Dodge: Dodged            |    45 |    40 |   148 |   223 |   375 |   125 ||   956
  Block: Tower shield      |       |       |    21 |   642 |  1153 |   395 ||  2211
